 Dungeon Crawl Stone Soup version 0.21-a0-634-gaf8bc5d (webtiles) character file.

125057 Alarkh the Fencer (level 16, -1/120 HPs)
             Began as a Demonspawn Monk on Dec 28, 2017.
             Was the Champion of Okawaru.
             Blown up by an orb spider (40 damage)
             ... with an orb of destruction
             ... on level 1 of the Spider Nest on Dec 29, 2017.
             The game lasted 01:13:20 (27951 turns).

Alarkh the Fencer (Demonspawn Monk)                Turns: 27951, Time: 01:13:21

Health: -1/120     AC: 20    Str: 13    XL:     16   Next: 40%
Magic:  0/28       EV: 30    Int: 20    God:    Okawaru [******]
Gold:   1965       SH:  8    Dex: 23    Spells: 15/31 levels left

rFire    . . .     SeeInvis +   a - +2 scimitar (flame)
rCold    + + .     Gourm    .   d - +1 buckler "Mizat" {rC++ Dex+6 SInv}
rNeg     . . .     Faith    .   t - +4 troll leather armour
rPois    .         Spirit   +   v - +2 helmet {Int+3}
rElec    .         Reflect  .   f - +2 cloak {MR+}
rCorr    .         Harm     .   h - +0 pair of gloves {Str+3}
MR       ++...                  (no boots)
Stlth    +++++.....             (no amulet)
HPRegen  0.70/turn              B - +2 ring of protection
MPRegen  0.42/turn              A - ring of Phasing {EV+8}

@: no status effects
A: talons 2, repulsion field 2, blink, blurry vision 1, nightstalker 2, sense
surroundings 1, shaggy fur 1, weak 1, augmentation 1, magic shield, magic
regeneration
a: Blink, Heroism, Finesse, Renounce Religion


You were on level 1 of the Spider Nest.
You worshipped Okawaru.
Okawaru was exalted by your worship.
You were hungry.

You visited 5 branches of the dungeon, and saw 25 of its levels.
You also visited: Labyrinth and Ice Cave.

You collected 2390 gold pieces.
You spent 425 gold pieces at shops.

Inventory:

Hand Weapons
 a - a +2 scimitar of flaming (weapon)
 b - a +3 scimitar of venom
Armour
 d - the +1 buckler "Mizat" (worn) {rC++ Dex+6 SInv}
   (You bought it in a shop on level 2 of the Orcish Mines)

   It affects your dexterity (+6).
   It greatly protects you from cold.
   It lets you see invisible.
 f - a +2 cloak of magic resistance (worn)
 h - a +0 pair of gloves of strength (worn)
 k - a scarf of cloud immunity
 t - a +4 troll leather armour (worn)
 v - a +2 helmet of intelligence (worn)
 F - a +2 cloak of poison resistance
Jewellery
 q - an uncursed ring of teleportation
 u - an uncursed ring of flight
 x - an uncursed ring of positive energy
 A - the ring of Phasing (right hand) {EV+8}
   (You found it on level 5 of the Dungeon)

   [ring of evasion]

   It affects your evasion (+8).
 B - a +2 ring of protection (left hand)
Wands
 o - a wand of digging (30)
 D - a wand of acid (18)
 P - a wand of iceblast (8)
 V - a wand of paralysis (42)
Scrolls
 e - 5 scrolls of identify
 g - 5 scrolls of magic mapping
 j - 9 scrolls of teleportation
 m - 12 scrolls of remove curse
 p - 6 scrolls of fear
 Q - 5 scrolls of fog
 T - 3 scrolls of blinking
Potions
 r - 3 potions of agility
 z - 5 potions of curing
 C - 2 potions of berserk rage
 H - 3 potions of might
 I - a potion of resistance
 J - 4 potions of heal wounds
 K - a potion of mutation
 O - 3 potions of flight
 S - a potion of invisibility
Miscellaneous
 s - a lamp of fire
Comestibles
 c - 34 rations
 i - 3 chunks of flesh


   Skills:
 + Level 9.3 Fighting
 - Level 16.0 Long Blades
 + Level 7.9 Armour
 + Level 8.4 Dodging
 + Level 6.0 Stealth
 + Level 6.8 Shields
 + Level 8.4 Spellcasting
 - Level 8.0 Conjurations
 + Level 7.2 Charms
 + Level 4.8 Necromancy
 - Level 8.0 Invocations
 + Level 5.3 Evocations


You had 15 spell levels left.
You knew the following spells:

 Your Spells              Type           Power        Failure   Level  Hunger
a - Spectral Weapon       Hex/Chrm       ###.....     7%          3    None
b - Blink                 Tloc           N/A          16%         2    None
c - Regeneration          Chrm/Necr      ####......   2%          3    None
d - Dispel Undead         Necr           ####....     36%         5    #####..
e - Conjure Flame         Conj/Fire      ###.....     6%          3    None


Dungeon Overview and Level Annotations

Branches:
Dungeon (15/15)            Temple (1/1) D:7            Lair (6/6) D:9
 Shoals (0/4) Lair:4       Spider (1/4) Lair:2        Slime (0/5) Lair:5
    Orc (2/2) D:10            Elf (0/3) Orc:2        Vaults (0/5) D:14
 Depths (0/5) D:15

Altars:
Ashenzari
Cheibriados
Dithmenos
Elyvilon
Fedhas
Gozag
Hepliaklqana
Kikubaaqudgha
Makhleb
Nemelex Xobeh
Okawaru
Qazlal
Ru
Sif Muna
Trog
Uskayaw
Vehumet
Wu Jian
Xom
Yredelemnul
Zin
The Shining One
Jiyva

Shops:
D:8 ?   Orc:1 %   Orc:2 %%[(:

Portals:
Pandemonium: Orc:2


Innate Abilities, Weirdness & Mutations

You have razor-sharp toenails.
You are surrounded by a moderate repulsion field. (EV +3)
You are significantly more attuned to the shadows.
Your magical and physical power is slightly enhanced at high health.
When hurt, damage is shared between your health and your magic reserves.
You regenerate magic rapidly.
You can translocate small distances at will.
Scrolls take you a little longer to read.
You passively map a small area around you.
You are covered in fur. (AC +1)
You are weak. (Str -2)


Message History

The jumping spider leaps!
Found a bone wand.
An electric eel comes into view.
The jumping spider leaps!
Found 13 gold pieces.
The orb spider pulsates with a strange energy.
The jumping spider closely misses you.
The jumping spider bites you but does no damage.
The jumping spider pounces on you.
You are caught in a web!
The jumping spider bites you but does no damage.
There is a web here.
The web tears apart.
The jumping spider leaps!
The orb spider weaves a glowing orb of energy.
The wavering orb of destruction weakly hits you!
You slice the orb spider!! You burn the orb spider.
You kill the orb spider!
Okawaru accepts your kill.
The jumping spider leaps!
The orb of destruction hits you!
You die...

, , ** , .,
#####.. , ,
##≈;.$.. ,
##..../..,
#.†@....., ,
###...§.... ,
##......§§..
##≈#.....§.§. ,
, ,
#≈≈.......s.§ ,
, ##..........§.
,,
#≈............,
#≈..§.........,
,
#......§*.......


You could see a jumping spider and an electric eel.

Vanquished Creatures
  A frost giant (IceCv)
  3 entropy weavers
  A minotaur (Lab)
  The ghost of Torax the Basher, a journeyman HuVM of Ashenzari (D:12)
  The ghost of twist the Martial Artist, a journeyman GnTm of Wu Jian (Lair:1)
  Josephine (D:10)
  9 hydras
  2 catoblepae
  5 centaur warriors
  6 two-headed ogres
  A queen ant (Lair:4)
  2 dancing weapons (D:14)
  3 death yaks
  An ogre mage (D:15)
  Urug (D:13)
  2 tengu warriors (D:13)
  3 orc high priests (Orc:2)
  A soul eater (Orc:2)
  Sonja (Orc:2)
  The ghost of mortelune the Destroyer, a novice DrCj of Ashenzari (D:9)
  2 torturous demonspawn (Orc:2)
  4 unseen horrors
  A flayed ghost (D:13)
  Pikel (D:5)
  A wolf spider zombie (D:15)
  5 orc knights (Orc:2)
  2 orb spiders (Spider:1)
  5 deep elf magi
  14 orc sorcerers
  A necromancer (D:15)
  An oklob plant (Lair:3)
  15 ugly things
  3 cyclopes
  3 elephants (Lair:6)
  A moth of wrath (Lair:2)
  A manticore (Lair:4)
  3 centaur zombies
  Joseph (D:10)
  3 black mambas
  A smoke demon (Orc:2)
  An ice statue (D:8)
  7 spiny frogs
  Psyche (D:8)
  A torpor snail (Lair:5)
  4 kobold demonologists (D:11)
  An orange demon (Orc:2)
  A rime drake (Lair:1)
  3 demonic crawlers
  6 komodo dragons
  16 polar bears
  3 jumping spiders (Spider:1)
  6 trolls
  22 blink frogs
  3 hornets (Lair:6)
  12 hippogriffs
  13 dream sheep
  12 spriggans
  A water elemental (D:14)
  A ynoxinul (Orc:2)
  9 redbacks
  A wyvern (Lair:3)
  3 wraiths (D:10)
  2 basilisks
  12 hungry ghosts
  3 tarantellas
  A steam dragon (D:9)
  67 yaks
  A warg (Orc:1)
  Menkaure (D:5)
  Duvessa (D:7)
  12 water moccasins
  2 hell hounds (D:9)
  4 porcupines
  14 soldier ants
  A hornet zombie (D:9)
  23 orc warriors
  10 ice beasts
  6 black bears
  5 phantoms
  4 boggarts (Lair:6)
  56 wolves
  An eye of draining (D:12)
  4 necrophages
  9 ogres
  10 crocodiles
  14 centaurs
  2 big kobolds
  16 bullfrogs
  Dowan (D:7)
  A water moccasin zombie (D:9)
  2 wyvern skeletons
  A hornet simulacrum (D:15)
  2 scorpions
  22 killer bees
  A vampire bat (Lair:4)
  6 wights
  A howler monkey (D:9)
  An electric eel (D:14)
  7 crimson imps
  A quasit (D:6)
  A bullfrog zombie (D:12)
  7 hounds
  A jelly (D:11)
  18 orc priests
  A bullfrog skeleton (D:8)
  9 orc wizards
  8 centaur skeletons
  Ijyb (D:3)
  33 worker ants
  4 iguanas
  8 ogre zombies (D:10)
  A hound zombie (D:9)
  A howler monkey zombie (D:9)
  2 worker ant zombies
  12 adders
  4 shadow imps
  An ooze (D:5)
  An adder zombie (D:9)
  2 adder skeletons
  2 worms
  2 dart slugs (D:1)
  4 leopard geckos
  67 orcs
  4 giant cockroaches
  9 goblins
  5 hobgoblins
  6 jackals
  15 kobolds
  7 quokkas
  3 ball pythons
  11 bats
  4 frilled lizards
  A giant cockroach zombie (D:6)
  2 goblin skeletons (D:10)
  A goblin zombie (D:10)
  A hobgoblin skeleton (D:10)
  A hobgoblin zombie (D:10)
  2 jackal skeletons
  A leopard gecko zombie (D:6)
  An orc skeleton (D:10)
  19 orc zombies (D:10)
  A quokka zombie (D:9)
  9 rats
  A butterfly (Lair:2)
  A fungus (Lair:6)
  A plant (Lair:3)
864 creatures vanquished.

Vanquished Creatures (others)
  A polar bear (IceCv)
  2 orcs (Orc:2)
  17 fungi
  5 plants
25 creatures vanquished.

Grand Total: 889 creatures vanquished

Notes
Turn   | Place    | Note
-------+----------+-------------------------------------------
     0 | D:1      | Alarkh the Demonspawn Monk began the quest for the Orb.
     0 | D:1      | Reached XP level 1. HP: 18/18 MP: 1/1
    69 | D:1      | Reached skill level 3 in Long Blades
   137 | D:1      | Gained mutation: You are slightly more attuned to the shadows. [demonic ancestry]
   137 | D:1      | Reached XP level 2. HP: 19/24 MP: 2/2
   919 | D:1      | Gained mutation: You are surrounded by a mild repulsion field. (EV +2) [demonic ancestry]
   919 | D:1      | Reached XP level 3. HP: 25/29 MP: 3/3
  1238 | D:2      | Reached skill level 4 in Long Blades
  1437 | D:2      | Found an iron altar of Okawaru.
  1446 | D:2      | Found a blossoming altar of Fedhas.
  1463 | D:2      | Became a worshipper of Warmaster Okawaru
  1463 | D:2      | Reached * piety under Okawaru
  1463 | D:2      | Reached ** piety under Okawaru
  1666 | D:2      | Noticed a phantom
  1689 | D:2      | HP: 1/29 [phantom (8)]
  2278 | D:2      | Reached XP level 4. HP: 35/35 MP: 4/4
  2535 | D:3      | Found a stormy altar of Qazlal.
  2771 | D:3      | Found a radiant altar of Vehumet.
  2890 | D:3      | Noticed Ijyb
  2914 | D:3      | Killed Ijyb
  2914 | D:3      | Reached skill level 5 in Long Blades
  3235 | D:3      | Reached XP level 5. HP: 41/41 MP: 5/5
  3904 | D:4      | Found a burning altar of Makhleb.
  4672 | D:5      | Entered Level 5 of the Dungeon
  4702 | D:5      | Found the ring of Phasing {EV+8}
  4729 | D:5      | Reached skill level 6 in Long Blades
  4779 | D:5      | Gained mutation: You are surrounded by a moderate repulsion field. (EV +3) [demonic ancestry]
  4779 | D:5      | Reached XP level 6. HP: 47/47 MP: 6/6
  5018 | D:5      | Learned a level 2 spell: Blink
  5022 | D:5      | Learned a level 3 spell: Conjure Flame
  5059 | D:5      | Found an ancient bone altar of Kikubaaqudgha.
  5146 | D:5      | Gained mutation: You are covered in fur. (AC +1) [potion of mutation]
  5146 | D:5      | Gained mutation: Your muscles are strong. (Str +2) [potion of mutation]
  5154 | D:5      | Reached skill level 1 in Spellcasting
  5154 | D:5      | Reached skill level 1 in Conjurations
  5179 | D:5      | Reached XP level 7. HP: 38/52 MP: 6/9
  5204 | D:5      | Got a polished ring mail
  5215 | D:5      | Identified the cursed +1 ring mail of Patience {Dex+4} (You found it on level 5 of the Dungeon)
  5278 | D:5      | Noticed Menkaure
  5364 | D:5      | Killed Menkaure
  5364 | D:5      | Reached skill level 7 in Long Blades
  5635 | D:5      | Reached *** piety under Okawaru
  5678 | D:5      | Found a glowing golden altar of the Shining One.
  5764 | D:5      | Noticed Pikel
  5823 | D:5      | Killed Pikel
  5823 | D:5      | Reached **** piety under Okawaru
  5823 | D:5      | Reached skill level 8 in Long Blades
  5823 | D:5      | Gained mutation: You are significantly more attuned to the shadows. [demonic ancestry]
  5823 | D:5      | Reached XP level 8. HP: 58/58 MP: 10/12
  6785 | D:6      | Found a bloodstained altar of Trog.
  6851 | D:7      | Found a shimmering altar of Xom.
  6851 | D:7      | Found a shimmering altar of Xom.
  6911 | D:7      | Found a shimmering altar of Xom.
  7032 | D:7      | Reached skill level 9 in Long Blades
  7116 | D:7      | Found a staircase to the Ecumenical Temple.
  7126 | D:7      | Gained mutation: When hurt, damage is shared between your health and your magic reserves. [demonic ancestry]
  7126 | D:7      | Reached XP level 9. HP: 56/63 MP: 15/15
  7235 | D:7      | Reached skill level 5 in Conjurations
  7919 | D:7      | Reached ***** piety under Okawaru
  8024 | D:7      | Noticed Duvessa
  8024 | D:7      | Noticed Dowan
  8031 | D:7      | Killed Duvessa
  8031 | D:7      | Reached skill level 5 in Spellcasting
  8046 | D:7      | Killed Dowan
  8152 | Temple   | Entered the Ecumenical Temple
  8415 | D:7      | Found a shimmering altar of Xom.
  8432 | D:7      | You fall through a shaft for 3 floors!
  8432 | D:10     | Entered Level 10 of the Dungeon
  8506 | D:10     | Reached skill level 10 in Long Blades
  8545 | D:10     | Noticed Joseph
  8557 | D:10     | Killed Joseph
  8774 | D:8      | Noticed Psyche
  8783 | D:8      | Killed Psyche
  8954 | D:8      | Gained mutation: You have sharp toenails. [demonic ancestry]
  8954 | D:8      | Reached XP level 10. HP: 66/70 MP: 15/18
  9170 | D:8      | Found a glowing silver altar of Zin.
  9171 | D:8      | Noticed an angel
  9181 | D:8      | Noticed an ice statue
  9203 | D:8      | Killed an ice statue
  9509 | D:8      | Found Ephif's Magic Scroll Shop.
  9674 | D:9      | Found a staircase to the Lair.
  9710 | D:9      | Noticed mortelune's ghost (novice DrCj)
  9719 | D:9      | Received a gift from Okawaru
  9719 | D:9      | Reached skill level 11 in Long Blades
 10011 | D:9      | Killed mortelune's ghost
 10011 | D:9      | Reached skill level 1 in Armour
 10388 | D:9      | Found a shimmering altar of Xom.
 10404 | D:9      | Found an ornate altar of the Wu Jian Council.
 10471 | D:9      | Reached skill level 13 in Long Blades
 10471 | D:9      | Gained mutation: You regenerate magic rapidly. [demonic ancestry]
 10471 | D:9      | Reached XP level 11. HP: 76/76 MP: 20/20
 10494 | D:9      | Got a dazzling scale mail {god gift}
 10505 | D:9      | Identified the +3 scale mail "Kosche" {rF++ Dex-4} (Okawaru gifted it to you on level 9 of the Dungeon)
 10901 | D:10     | Noticed a two-headed ogre
 10908 | D:10     | Killed a two-headed ogre
 11001 | D:10     | Killed an unseen horror
 11056 | D:10     | Found a staircase to the Orcish Mines.
 11338 | D:10     | Noticed Josephine
 11346 | D:10     | Reached XP level 12. HP: 83/83 MP: 19/22
 11351 | D:10     | Killed Josephine
 11678 | D:8      | Bought a scroll of enchant armour for 90 gold pieces
 11678 | D:8      | Bought a scroll of enchant armour for 90 gold pieces
 11678 | D:8      | Bought a scroll of teleportation for 36 gold pieces
 11760 | Lair:1   | Entered Level 1 of the Lair of Beasts
 11866 | Lair:1   | Learned a level 3 spell: Spectral Weapon
 11870 | Lair:1   | Learned a level 3 spell: Regeneration
 12185 | Lair:1   | Noticed twist's ghost (journeyman GnTm)
 12246 | Lair:1   | Killed twist's ghost
 12246 | Lair:1   | Reached skill level 1 in Charms
 12317 | Lair:1   | Noticed a four-headed hydra
 12850 | Lair:2   | Lost mutation: Your muscles are strong. (Str +2) [potion of mutation]
 12850 | Lair:2   | Gained mutation: You have a pair of small horns on your head. [potion of mutation]
 12850 | Lair:2   | Gained mutation: Your mind is acute. (Int +2) [potion of mutation]
 12885 | Lair:1   | Killed a four-headed hydra
 12885 | Lair:1   | Reached skill level 5 in Fighting
 12969 | Lair:1   | Reached skill level 14 in Long Blades
 12971 | Lair:1   | Received a gift from Okawaru
 13199 | Lair:2   | Reached skill level 1 in Shields
 13460 | Lair:2   | Found a hole to the Spider Nest.
 13469 | Lair:2   | Reached skill level 5 in Dodging
 14462 | Lair:3   | Reached XP level 13. HP: 93/93 MP: 23/23
 14463 | Lair:3   | Lost mutation: You have a pair of small horns on your head. [potion of mutation]
 14463 | Lair:3   | Lost mutation: Your mind is acute. (Int +2) [potion of mutation]
 14463 | Lair:3   | Gained mutation: You are weak. (Str -2) [potion of mutation]
 14463 | Lair:3   | Gained mutation: Scrolls take you a little longer to read. [potion of mutation]
 14463 | Lair:3   | Gained mutation: You passively map a small area around you. [potion of mutation]
 14463 | Lair:3   | Gained mutation: You can translocate small distances at will. [potion of mutation]
 15061 | Lair:4   | Noticed an entropy weaver
 15106 | Lair:4   | Noticed an entropy weaver
 15194 | Lair:4   | Received a gift from Okawaru
 15263 | Lair:4   | Killed an entropy weaver
 15263 | Lair:4   | Reached skill level 5 in Armour
 15263 | Lair:4   | Reached skill level 1 in Invocations
 15288 | Lair:4   | Killed an entropy weaver
 16311 | Lair:4   | Found a staircase to the Shoals.
 16530 | Lair:5   | Reached ****** piety under Okawaru
 16825 | Lair:5   | Reached skill level 15 in Long Blades
 16922 | Lair:5   | Found a staircase to the Slime Pits.
 16922 | Lair:5   | Found a viscous altar of Jiyva.
 17055 | Lair:5   | Received a gift from Okawaru
 17111 | Lair:5   | Got a steaming hand crossbow {god gift}
 17112 | Lair:5   | Identified the +1 hand crossbow "Hiemasub" {velocity, rPois MR+ Int-5 Dex+5} (Okawaru gifted it to you on level 5 of the Lair of Beasts)
 17285 | Lair:6   | Entered Level 6 of the Lair of Beasts
 17462 | Lair:6   | Gained mutation: You have razor-sharp toenails. [demonic ancestry]
 17462 | Lair:6   | Reached XP level 14. HP: 57/103 MP: 9/24
 17734 | Lair:6   | Reached skill level 5 in Charms
 17806 | Lair:6   | Received a gift from Okawaru
 17807 | Lair:6   | Got a pitted hunting sling {god gift}
 17808 | Lair:6   | Identified the +0 hunting sling "Biatino" {flame, rPois rF- rN++ MR+} (Okawaru gifted it to you on level 6 of the Lair of Beasts)
 18030 | Lair:6   | Reached skill level 5 in Invocations
 18032 | Lair:6   | Reached skill level 1 in Evocations
 18280 | Lair:6   | Reached skill level 5 in Shields
 18634 | Lair:6   | Received a gift from Okawaru
 19125 | Orc:1    | Entered Level 1 of the Orcish Mines
 19212 | Orc:2    | Entered Level 2 of the Orcish Mines
 19334 | Orc:2    | Found a labyrinth entrance.
 19335 | Orc:2    | Found a bloodstained altar of Trog.
 19336 | Orc:2    | Found Viom's Antique Armour Shop.
 19349 | Lab      | Entered a labyrinth
 19827 | Lab      | Identified the Guide on Helpful Necromancy
 19842 | Lab      | Got a crystal short sword
 19843 | Lab      | Identified the cursed +2 short sword of Spontaneous Combustion {chaos, +Rage rElec rF+} (You found it in a labyrinth)
 19850 | Lab      | Learned a level 5 spell: Dispel Undead
 19876 | Orc:2    | Bought a pitted buckler for 209 gold pieces
 19907 | Orc:1    | You fall through a shaft!
 20138 | Orc:2    | Found a staircase to the Elven Halls.
 20492 | Orc:1    | Found Zoenekih's Food Shop.
 20618 | Orc:1    | Identified the +1 buckler "Mizat" {rC++ Dex+6 SInv} (You bought it in a shop on level 2 of the Orcish Mines)
 20716 | Orc:2    | Found Erenume's Food Shop.
 20719 | Orc:2    | Noticed Sonja
 20925 | Orc:2    | Killed Sonja
 20925 | Orc:2    | Reached skill level 1 in Necromancy
 21093 | Orc:2    | Found Atruro's Food Boutique.
 21269 | Orc:2    | Received a gift from Okawaru
 21369 | Orc:2    | Gained mutation: Your magical and physical power is slightly enhanced at high health. [demonic ancestry]
 21369 | Orc:2    | Reached XP level 15. HP: 84/110 MP: 23/25
 21469 | Orc:2    | Found Cula Cobu's Antique Weapon Shoppe.
 21469 | Orc:2    | Found a one-way gate leading to the halls of Pandemonium.
 21469 | Orc:2    | Found Ihil's Book Emporium.
 21951 | D:11     | Found a frozen archway.
 21986 | IceCv    | Entered an ice cave
 22401 | IceCv    | Noticed a frost giant
 22434 | IceCv    | Killed a frost giant
 22877 | IceCv    | Got an ancient shortbow
 22883 | IceCv    | Identified the +8 shortbow "Sasetel" {freeze, Str+2} (You found it in an ice cave)
 23954 | D:12     | Received a gift from Okawaru
 24332 | D:12     | Noticed Torax's ghost (journeyman HuVM)
 24357 | D:12     | Killed Torax's ghost
 24357 | D:12     | Reached skill level 16 in Long Blades
 24680 | D:13     | Reached skill level 5 in Stealth
 24790 | D:13     | Noticed Urug
 24803 | D:13     | Killed Urug
 25266 | D:14     | Found a gate to the Vaults.
 25918 | D:15     | Entered Level 15 of the Dungeon
 25923 | D:15     | Found an opulent altar of Gozag.
 25971 | D:15     | Reached XP level 16. HP: 119/119 MP: 28/28
 26604 | D:15     | Got a shimmering trident
 26638 | D:15     | Identified the +3 trident of Veto {holy, *Corrode rC+ Int+4 Stlth-} (You found it on level 15 of the Dungeon)
 26676 | D:15     | Found a burning altar of Makhleb.
 27137 | D:15     | Received a gift from Okawaru
 27137 | D:15     | Reached skill level 5 in Evocations
 27147 | D:15     | Got a smoking chain mail {god gift}
 27150 | D:15     | Identified the +5 chain mail "Meowoent" {+Fly rElec Str-2 Dex+7} (Okawaru gifted it to you on level 15 of the Dungeon)
 27172 | D:15     | Found a staircase to the Depths.
 27631 | Lair:2   | Upgraded the game from 0.21-a0-633-g4c047d5 to 0.21-a0-634-gaf8bc5d
 27642 | Lair:2   | You fall through a shaft!
 27676 | Spider:1 | Entered Level 1 of the Spider Nest
 27951 | Spider:1 | Blown up by an orb spider

Vault maps used:
D:1:      minmay_arrival_five_plusses, minivault_4, minmay_misc_feat_doors
D:2:      lemuel_crystal_altar, hangedman_decor_slide_cut, fedhas_altar_2
D:3:      lemuel_coloured_pillars_altar, nicolae_overflow_crystal_walls,
          uniq_ijyb
D:4:      kennysheep_mini_moat, first_ration
D:5:      kennysheep_mini, basic_altar, uniq_pikel, uniq_menkaure
D:6:      trog_book
D:7:      minmay_temple_entry_glassed_door, xom_redecorated, uniq_duvessa
D:8:      lemuel_ice_statue, zin_angel, serial_shops, shop, hex_tiny,
          st_stairs_9, uniq_psyche
D:9:      kennysheep_little_box, old_standard_altar, minmay_lair_entry_lava,
          serial_undead, serial_undead_c, serial_undead_a, serial_undead_d,
          serial_undead_e
D:10:     zombieorc2_lemuel, hangedman_stone_soup, uniq_joseph, uniq_josephine
D:11:     portal_ice_cave_entry_ice_beasts
D:13:     uniq_urug
D:14:     erik_vaults_1, serial_bayou_pond_b
D:15:     grunt_enter_depths_magical_seal,
          nicolae_gozag_cash_rules_everything_around_me, basic_altar
Temple:   eino_temple_water
Lair:1:   grunt_megastairs_3
Lair:2:   spider_nest_entry_web_field, grunt_forest_small_clearing_treed,
          lemuel_fruit_fields, grunt_megastairs_4
Lair:3:   grunt_megastairs_2, serial_bayou_shore_b, minmay_lair_oklob_chamber
Lair:4:   minmay_shoals_entry_beasts, roderic_batcave, zaba_anthell
Lair:5:   slime_altar_1, minivault_24, lemuel_old_faithful
Lair:6:   minmay_lair_end_enchanted_forest, lemuel_fruit_fields
Orc:1:    serial_shops, nicolae_shop_stone
Orc:2:    pf_orc_diabolical, lab_entry_generic, serial_shops, shop, basic_altar,
          uniq_sonja
Lab:      nicolae_lab_dead_adventurers, nicolae_lab_garden, nicolae_lab_plus,
          nicolae_lab_diamond, lab_hedge, labyrinth_fake_exit, lab_fountain
IceCv:    ice_cave_caverns_03

Skill      XL: |  1  2  3  4  5  6  7  8  9 10 11 12 13 14 15 16 |
---------------+-------------------------------------------------+-----
Long Blades    | 3 4 5 6 8 9 10 13 14 15 16 | 16.0
Spellcasting   | 1 3 4 5 6 7 8 |  8.4
Conjurations   | 1 3 4 6 7 8 |  8.0
Armour         | 1 2 4 5 6 7 |  7.9
Dodging        | 3 4 5 6 7 8 |  8.4
Fighting       | 4 5 7 8 9 |  9.3
Charms         | 3 4 5 6 7 |  7.2
Shields        | 2 4 5 6 |  6.8
Invocations    | 4 6 7 8 |  8.0
Stealth        | 3 5 6 |  6.0
Evocations     | 3 4 5 |  5.3
Necromancy     | 1 3 4 |  4.8

Action                   |  1- 3 |  4- 6 |  7- 9 | 10-12 | 13-15 | 16-18 || total
-------------------------+-------+-------+-------+-------+-------+-------++-------
Melee: Falchion          |   124 |   206 |   350 |       |       |       ||   680
       Dagger            |       |    47 |    56 |       |       |       ||   103
       Punch             |       |     1 |     1 |       |       |       ||     2
       Great sword       |       |       |    80 |   468 |  1088 |       ||  1636
       Kick              |       |       |       |   201 |   745 |   136 ||  1082
       Headbutt          |       |       |       |    60 |       |       ||    60
       Staff             |       |       |       |     2 |       |       ||     2
       Scimitar          |       |       |       |       |   625 |   276 ||   901
 Cast: Conjure Flame     |       |       |     2 |     6 |    27 |       ||    35
       Spectral Weapon   |       |       |       |       |       |     1 ||     1
Invok: Heroism           |     1 |     3 |    11 |    13 |    27 |     2 ||    57
       Finesse           |       |       |       |       |     1 |       ||     1
Evoke: Wand              |       |       |       |       |     3 |     1 ||     4
  Use: Scroll            |     4 |     1 |     7 |    15 |     8 |     4 ||    39
       Potion            |     1 |     4 |     3 |     8 |     4 |       ||    20
 Stab: Sleeping          |    16 |     8 |     7 |    23 |    26 |     5 ||    85
       Distracted        |       |       |       |     3 |     3 |     1 ||     7
       Invisible         |       |       |       |     2 |       |       ||     2
       Petrified         |       |       |       |       |     8 |       ||     8
  Eat: Chunk             |     4 |     6 |    14 |    18 |    39 |     6 ||    87
       Ration            |       |     1 |       |       |     1 |       ||     2
Armor: Robe              |     9 |     1 |       |       |       |       ||    10
       Ring mail         |       |    53 |    74 |    21 |       |       ||   148
       Troll leather arm |       |       |       |    47 |   316 |    55 ||   418
Dodge: Dodged            |    81 |   161 |   428 |   602 |  2163 |   244 ||  3679
Block: Buckler           |       |       |       |       |   241 |   106 ||   347
       Rpst.: Falchion   |    35 |    33 |   106 |       |       |       ||   174
       Great sword       |       |       |    25 |   171 |   399 |       ||   595
       Scimitar          |       |       |       |       |   119 |    44 ||   163

Table legend:
 A = Spawn XP
 B = Non-spawn XP
 C = Spawn XP percentage of total XP
 D = Spawn monster count
 E = Non-spawn monster count
 F = Spawn count percentage of total count
 G = Total turns spent on level
                    A         B        C        D         E        F      G
               +---------+---------+-------+---------+---------+-------+---------
         Total |       0 |  169451 |   0.0 |       0 |     862 |   0.0 | 27951
               +---------+---------+-------+---------+---------+-------+---------
           D:1 |       0 |      43 |   0.0 |       0 |      24 |   0.0 |  1595
           D:2 |       0 |      60 |   0.0 |       0 |      23 |   0.0 |  1027
           D:3 |       0 |     123 |   0.0 |       0 |      21 |   0.0 |  1375
           D:4 |       0 |      40 |   0.0 |       0 |       2 |   0.0 |   675
           D:5 |       0 |    1582 |   0.0 |       0 |      22 |   0.0 |  1510
           D:6 |       0 |     529 |   0.0 |       0 |      21 |   0.0 |   660
           D:7 |       0 |    1625 |   0.0 |       0 |      30 |   0.0 |  1391
           D:8 |       0 |    1642 |   0.0 |       0 |      23 |   0.0 |  1117
           D:9 |       0 |    2860 |   0.0 |       0 |      26 |   0.0 |  1259
          D:10 |       0 |    5488 |   0.0 |       0 |      67 |   0.0 |  1089
          D:11 |       0 |   10986 |   0.0 |       0 |      49 |   0.0 |  1227
          D:12 |       0 |    8288 |   0.0 |       0 |      39 |   0.0 |   650
          D:13 |       0 |    6686 |   0.0 |       0 |      11 |   0.0 |   637
          D:14 |       0 |    8285 |   0.0 |       0 |      19 |   0.0 |   773
          D:15 |       0 |   18885 |   0.0 |       0 |      40 |   0.0 |  1564
        Lair:1 |       0 |    5106 |   0.0 |       0 |      20 |   0.0 |  1303
        Lair:2 |       0 |    6234 |   0.0 |       0 |      27 |   0.0 |  1055
        Lair:3 |       0 |    6387 |   0.0 |       0 |      27 |   0.0 |  1265
        Lair:4 |       0 |   14430 |   0.0 |       0 |      86 |   0.0 |  1379
        Lair:5 |       0 |    5401 |   0.0 |       0 |      18 |   0.0 |   836
        Lair:6 |       0 |   24515 |   0.0 |       0 |      99 |   0.0 |  1708
      Spider:1 |       0 |    6111 |   0.0 |       0 |      17 |   0.0 |   133
         Orc:1 |       0 |     832 |   0.0 |       0 |      15 |   0.0 |   541
         Orc:2 |       0 |   19436 |   0.0 |       0 |      84 |   0.0 |  1543
           Lab |       0 |    2624 |   0.0 |       0 |       9 |   0.0 |   520
         IceCv |       0 |   11253 |   0.0 |       0 |      43 |   0.0 |   920
               +---------+---------+-------+---------+---------+-------+---------
